 Dungeon Sprint DCSS version 0.21-a0-260-g9b2435e (webtiles) character file.

336 Kidiri the Covert (level 6, -3/28 (32) HPs)
             Began as a Spriggan Enchanter on Sept 7, 2017.
             Slain by a necrophage (4 damage)
             ... in the Dungeon (Sprint II: "The Violet Keep of Menkaure").
             The game lasted 00:01:41 (134 turns).

Kidiri the Covert (Spriggan Enchanter)               Turns: 134, Time: 00:01:42

HP:   -3/28 (32)    AC:  2    Str:  4    XL:     6   Next: 28%
MP:   7/17          EV: 24    Int: 17    God:
Gold: 243           SH:  0    Dex: 18    Spells: 16/19 levels left

rFire    . . .     SeeInvis +   a - +1 dagger
rCold    . . .     Gourm    .   (shield restricted)
rNeg     . . .     Faith    .   b - +0 robe
rPois    .         Spirit   .   (helmet restricted)
rElec    .         Reflect  .   (no cloak)
rCorr    .         Harm     .   (gloves unavailable)
MR       +....     NoTele   +   (boots unavailable)
Stlth    ++++......             (no amulet)
HPRegen  0.09/turn              (no ring)
MPRegen  0.15/turn              (no ring)

@: very quick
A: unfitting armour, see invisible, herbivore 3, speed 3, slow metabolism 2
a: no special abilities


You were in the Dungeon.
You were not hungry.

You visited 1 branch You collected 243 gold pieces.

Inventory:

Hand Weapons
 a - a +1 dagger (weapon)
Armour
 b - a +0 robe (worn)
Scrolls
 j - a scroll of blinking
Potions
 e - a potion of curing
 g - a potion of haste
 h - 2 potions of magic
Books
 c - a book of Maledictions

   Spells                             Type                      Level
   a - Corona                         Hexes                        1
   b - Ensorcelled Hibernation        Hexes/Ice                    2
   c - Confuse                        Hexes                        3
   d - Tukima's Dance                 Hexes                        3
   e - Dazzling Spray                 Conjuration/Hexes            3
Comestibles
 d - a bread ration


   Skills:
 + Level 3.0 Fighting
 * Level 5.9 Short Blades
 + Level 2.6 Armour
 * Level 8.4 Dodging
 * Level 9.5 Stealth
 * Level 7.0 Spellcasting
 + Level 5.9 Hexes
 + Level 2.7 Ice Magic


You had 16 spell levels left.
You knew the following spells:

 Your Spells              Type           Power        Failure   Level  Hunger
a - Corona                Hex            ####...      1%          1    None
b - Ensorcelled Hibernat  Hex/Ice        ###...       3%          2    None


Dungeon Overview and Level Annotations

Branches:
Dungeon (1/1)

Altars:

Annotations:
D exclusion: orange crystal statue


Innate Abilities, Weirdness & Mutations

You are very small and have problems with some larger weapons.
You are too small for most types of armour.
You have supernaturally acute eyesight. (SInv)
You are a herbivore.
You cover ground extremely quickly.
You need consume almost no food.


Message History

The necrophage hits you.
* * * LOW HITPOINT WARNING * * *
You hit the necrophage.
The necrophage is severely damaged.
The necrophage misses you.
You hit the necrophage.
The necrophage is severely damaged.
The necrophage completely misses you. x2
You hit the necrophage.
The necrophage is almost destroyed.
The necrophage hits you.
* * * LOW HITPOINT WARNING * * *
You feel your flesh rotting away!
You hit the necrophage but do no damage.
The necrophage is almost destroyed.
The necrophage barely misses you.
You barely miss the necrophage.
The necrophage is almost destroyed.
The necrophage stops glowing.
The necrophage hits you.
You die...

##+##
##...##
#..#).#
#.n@# #
##n## n##
###n##n..#
#+.<.'#
#.##%##n..#
#3 ##+# .##
# ##..### #
#..##%#
##.#.##


You could see 3 necrophages.

Vanquished Creatures
  A merfolk siren (D)
  3 worms (D)
4 creatures vanquished.

Vanquished Creatures (others)
  A crocodile (D)
1 creature vanquished.

Grand Total: 5 creatures vanquished

Notes
Turn   | Place    | Note
-------+----------+-------------------------------------------
     0 | D        | Kidiri the Spriggan Enchanter began the quest for the Orb.
     0 | D        | Reached XP level 1. HP: 9/9 MP: 5/5
     1 | D        | Noticed a merfolk siren
     4 | D        | Noticed a neqoxec
    41 | D        | Killed a crocodile
    62 | D        | Noticed an orange crystal statue
    65 | D        | Reached skill level 1 in Fighting
    65 | D        | Reached skill level 5 in Stealth
    65 | D        | Reached XP level 2. HP: 14/14 MP: 7/7
    84 | D        | Learned a level 2 spell: Ensorcelled Hibernation
    85 | D        | Noticed a necrophage
    85 | D        | Noticed a necrophage
    85 | D        | Noticed a necrophage
    85 | D        | Noticed a necrophage
    92 | D        | Killed a merfolk siren
    92 | D        | Reached skill level 5 in Short Blades
    92 | D        | Reached skill level 9 in Stealth
    92 | D        | Reached skill level 5 in Hexes
    92 | D        | Reached XP level 3. HP: 11/20 MP: 5/12
    92 | D        | Reached XP level 4. HP: 13/24 MP: 5/14
    92 | D        | Reached XP level 5. HP: 15/28 MP: 5/15
    92 | D        | Reached XP level 6. HP: 18/32 MP: 5/17
   132 | D        | HP: 1/29 [necrophage (4)]
   134 | D        | Slain by a necrophage

Vault maps used:
D:        the_violet_keep_of_menkaure

Skill      XL: |  1  2 |
---------------+-------+-----
Spellcasting   | 3 7 |  7.0
Dodging        | 4 8 |  8.4
Fighting       | 1 3 |  3.0
Short Blades   | 2 5 |  5.9
Stealth        | 5 9 |  9.5
Armour         | 2 |  2.6
Hexes          | 5 |  5.9
Ice Magic      | 2 |  2.7

Action                   |  1- 3 |  4- 6 || total
-------------------------+-------+-------++-------
Melee: Dagger            |    10 |    39 ||    49
 Cast: Corona            |     1 |     2 ||     3
       Ensorcelled Hiber |     1 |       ||     1
  Use: Potion            |     1 |     1 ||     2
 Stab: Sleeping          |     4 |       ||     4
Dodge: Dodged            |     4 |    46 ||    50

Table legend:
 A = Spawn XP
 B = Non-spawn XP
 C = Spawn XP percentage of total XP
 D = Spawn monster count
 E = Non-spawn monster count
 F = Spawn count percentage of total count
 G = Total turns spent on level
                    A         B        C        D         E        F      G
               +---------+---------+-------+---------+---------+-------+---------
         Total |       0 |     481 |   0.0 |       0 |       4 |   0.0 |   134
               +---------+---------+-------+---------+---------+-------+---------
             D |       0 |     481 |   0.0 |       0 |       4 |   0.0 |   134
               +---------+---------+-------+---------+---------+-------+---------
